 Dungeon Crawl Stone Soup version 0.32-a0-891-gc41d80381e (webtiles) character file.

Game seed: 15356073262574308488

1334 Ijustatesigmund the Magician (level 8, -1/51 (52) HPs)
             Began as an Octopode Conjurer on Apr 3, 2024.
             Slain by Maggie
             ... wielding a +2 morningstar of draining
              (11 damage)
             ... on level 6 of the Dungeon.
             The game lasted 00:09:58 (5972 turns).

Ijustatesigmund the Magician (Octopode Conjurer)    Turns: 5972, Time: 00:09:58

HP:   -1/51 (52)    AC:  8    Str:  6    XL:     8   Next: 61%
MP:   14/17         EV: 12    Int: 23    God:
Gold: 227           SH:  5    Dex: 10    Spells: 12/19 levels left

rFire   . . .        e - +3 flail (protect)
rCold   + . .        (no shield)
rNeg    . . .        (helmet restricted)
rPois   .            f - amulet of reflection
rElec   .            g - ring of protection from cold
rCorr   .            (no ring)
SInv    .            (no ring)
Will    .....        (no ring)
Stlth   +++          (no ring)
HPRegen 0.28/turn    (no ring)
MPRegen 0.15/turn    (no ring)
                     (no ring)

%: reflection
@: brilliant, under a protective aura, lightly drained
A: almost no armour, amphibious, 8 rings, camouflage 1, gelatinous body 1,
(nimble swimmer 1), tentacles
a: no special abilities


You were on level 6 of the Dungeon.
You visited 1 branch of the dungeon, and saw 6 of its levels.

You collected 227 gold pieces.

Inventory:

Hand Weapons
 e - a +3 flail of protection (weapon)
Jewellery
 f - an amulet of reflection (around mantle)
 g - a ring of protection from cold (left tentacle)
Wands
 m - a wand of polymorph (8)
 q - a wand of iceblast (10)
Scrolls
 b - a scroll of amnesia {unknown}
 c - a scroll of identify {unknown}
 h - a scroll of immolation {unknown}
 i - a scroll of teleportation
 j - a scroll of noise {unknown}
 k - a scroll of vulnerability {unknown}
 l - a scroll of poison {unknown}
 p - a scroll of enchant armour {unknown}
Potions
 a - 2 potions of magic
 d - a potion of ambrosia {unknown}
 o - 2 potions of brilliance
 r - a potion of heal wounds {unknown}


   Skills:
 + Level 3.1 Fighting
 + Level 3.5 Maces & Flails
 - Level 2.0 Dodging
 - Level 2.6 Stealth
 + Level 6.0 Spellcasting
 + Level 4.9 Conjurations
 - Level 5.3 Translocations


You had 12 spell levels left.
You knew the following spells:

 Your Spells              Type           Power      Damage    Failure   Level
a - Magic Dart            Conj           100%       1d8       1%          1
b - Searing Ray           Conj           88%        2d7       1%          2
c - Iskenderun's Mystic   Conj/Tloc      45%        2d10      (+2d511%    4

Your spell library contained the following spells:

 Spells                   Type           Power      Damage    Failure   Level
 Summon Small Mammal      Summ           40%        N/A       9%          1
 Dazzling Flash           Conj/Hex       54%        N/A       10%         3
 Ensorcelled Hibernation  Hex/Ice        20%        N/A       13%         2
 Mephitic Cloud           Conj/Alch/Air  21%        N/A       13%         3
 Call Canine Familiar     Summ           10%        N/A       26%         3
 Fugue of the Fallen      Necr           10%        N/A       26%         3
 Inner Flame              Hex/Fire       10%        N/A       26%         3
 Ozocubu's Armour         Ice            10%        N/A       26%         3
 Passwall                 Erth           10%        N/A       26%         3
 Swiftness                Air            10%        N/A       26%         3
 Fulminant Prism          Conj/Alch      13%        3d9       30%         4
 Summon Blazeheart Golem  Fire/Summ      10%        N/A       63%         4
 Irradiate                Conj/Alch      13%        3d16      65%         5
 Curse of Agony           Necr           10%        N/A       93%         5
 Silence                  Hex/Air        5%         N/A       93%         5
 Sculpt Simulacrum        Ice/Alch       5%         N/A       100%        6
 Manifold Assault         Tloc           23%        N/A       100%        7
 Ozocubu's Refrigeration  Ice            5%         4d8       100%        7
 Ignition                 Fire           5%         3d4       100%        8
 Polar Vortex             Ice            5%         N/A       100%        9


Dungeon Overview and Level Annotations

Branches:
Dungeon (6/15)
 Temple: D:4-7

Altars:
Ashenzari
Elyvilon
Hepliaklqana
Kikubaaqudgha
Qazlal
Vehumet
Xom

Shops:
D:5 [

Annotations:
D:6 Maggie


Innate Abilities, Weirdness & Mutations

You cannot wear most types of armour.
You are amphibious.
You can wear up to eight rings at the same time.
Your skin changes colour to match your surroundings (Stealth+).
Your rubbery body absorbs attacks. (AC +1, EV +1)
((You are camouflaged when in or above water. (Stealth+)))
You have tentacles for arms and can constrict up to eight enemies at once.


Message History

The ufetubus is knocked back by the mystic blast.
A sleepcap comes into view.
You closely miss the ufetubus. Your grab misses the ufetubus.
You squeeze the ufetubus!
You kill the ufetubus!
It was a potion of berserk rage.
You are too mesmerised to rage.
You hit Maggie.
Your weapon exudes an aura of protection.
You grab Maggie. You squeeze Maggie, but do no damage.
Maggie is moderately wounded.
You constrict Maggie.
The ufetubus hits you but does no damage.
The ufetubus closely misses you. Maggie completely misses you.
You hit Maggie but do no damage.
Maggie is moderately wounded.
You constrict Maggie. You block the ufetubus's attack.
The ufetubus hits you but does no damage.
The sleepcap releases spores at you. The ufetubus closely misses you.
The ufetubus hits you. Maggie gestures at you while chanting.
The bolt of fire hits you.
You hit Maggie but do no damage.
Maggie is moderately wounded.
You constrict Maggie! The ufetubus slips past you! The ufetubus misses you.
The ufetubus hits you but does no damage.
The sleepcap releases spores at you.
Maggie hits you with a +2 morningstar of draining.
* * * LOW HITPOINT WARNING * * *
You feel drained.
* * * LOW HITPOINT WARNING * * *
The ufetubus misses you. The ufetubus completely misses you.
You hit Maggie.
Maggie is heavily wounded.
You break out of your daze.
You constrict Maggie. The ufetubus hits you.
* * * LOW HITPOINT WARNING * * *
The ufetubus barely misses you.
The sleepcap releases spores at you but does no damage.
Maggie hits you with a +2 morningstar of draining!
You die...

## #. .# #.
###)#####
..?#....5..#
.......@f..#
...#..)@...#
.......).......
......)........
.#.#........###
# #....$....#
.......##.#
.#.....## ..


You could see Maggie, a sleepcap and an ufetubus.

Vanquished Creatures
  Sigmund (D:2)
  2 water moccasins (D:5)
  A phantom (D:4)
  Blork the orc (D:5)
  2 scorpions (D:5)
  A bombardier beetle (D:5)
  2 hounds
  2 orc priests
  Crazy Yiuf (D:4)
  A sleepcap (D:5)
  An iguana (D:4)
  Jessica (D:2)
  Terence (D:1)
  2 orc wizards (D:5)
  Natasha (thrice) (D:4)
  7 gnolls
  2 adders
  7 river rats (D:5)
  3 ufetubi
  3 dart slugs
  2 ribbon worms
  13 orcs
  2 bats
  4 endoplasms
  7 giant cockroaches
  6 goblins
  3 hobgoblins
  8 jackals (D:1)
  9 quokkas
  3 ball pythons
  3 frilled lizards
  6 kobolds
  18 rats
128 creatures vanquished.

Notes
Turn   | Place    | Note
-------+----------+-------------------------------------------
     0 | D:1      | Ijustatesigmund the Octopode Conjurer began the quest for
                  | the Orb.
     0 | D:1      | Reached XP level 1. HP: 11/11 MP: 3/3
    37 | D:1      | Found a faded altar of an unknown god.
   110 | D:1      | Reached XP level 2. HP: 18/18 MP: 5/5
   118 | D:1      | Learned a level 2 spell: Searing Ray
   216 | D:1      | Reached skill level 1 in Fighting
   507 | D:1      | Reached XP level 3. HP: 23/23 MP: 4/6
   888 | D:2      | Reached XP level 4. HP: 29/29 MP: 2/8
   893 | D:2      | Learned a level 4 spell: Iskenderun's Mystic Blast
   941 | D:2      | Found an ancient bone altar of Kikubaaqudgha.
  1325 | D:2      | Noticed Sigmund
  1337 | D:2      | Killed Sigmund
  1338 | D:2      | Reached skill level 4 in Spellcasting
  1338 | D:2      | Reached XP level 5. HP: 27/34 MP: 4/11
  1338 | D:2      | Reached XP level 6. HP: 31/39 MP: 4/12
  1553 | D:2      | Noticed Jessica
  1558 | D:2      | Killed Jessica
  1560 | D:2      | Noticed Terence
  1572 | D:1      | Killed Terence
  2590 | D:3      | Found a radiant altar of Vehumet.
  2724 | D:3      | Found a white marble altar of Elyvilon.
  3271 | D:4      | Noticed Natasha
  3279 | D:4      | Killed Natasha
  3616 | D:4      | Reached XP level 7. HP: 34/45 MP: 5/14
  3789 | D:4      | Found a broken altar of Ashenzari.
  3912 | D:4      | Noticed Natasha
  3918 | D:4      | Killed Natasha
  4031 | D:4      | Found a runed translucent door.
  4032 | D:4      | Noticed Crazy Yiuf
  4261 | D:4      | Found a stormy altar of Qazlal.
  4682 | D:4      | Killed Crazy Yiuf
  4762 | D:4      | Noticed Natasha
  4767 | D:4      | Killed Natasha
  4768 | D:4      | Reached skill level 5 in Spellcasting
  4823 | D:5      | Entered Level 5 of the Dungeon
  4835 | D:5      | Reached skill level 1 in Maces & Flails
  5179 | D:5      | Noticed Blork the orc
  5185 | D:5      | Killed Blork the orc
  5305 | D:5      | Found a hazy altar of Hepliaklqana.
  5319 | D:5      | Found Itedwug's Armour Shoppe.
  5374 | D:5      | Identified the +9 quarterstaff of Tuyrrem {drain, rF+ rN++
                  | Will+ Dex-5}
  5409 | D:5      | Reached skill level 5 in Translocations
  5409 | D:5      | Reached XP level 8. HP: 45/51 MP: 5/16
  5866 | D:5      | Found a shimmering altar of Xom.
  5954 | D:6      | Noticed Maggie
  5957 | D:6      | Reached skill level 6 in Spellcasting
  5972 | D:6      | Slain by Maggie

Illustrated notes

Levels and vault maps discovered:
D:1:      wander_arrival_desolate, layout_loops_ring,
          hellmonk_ecumenical_altar_arch_garden
D:2:      layout_basic, basic_altar, uniq_terence, uniq_sigmund, uniq_jessica
D:3:      layout_loops_cross, lemuel_coloured_pillars_altar,
          lemuel_doored_altar, kennysheep_donut
D:4:      layout_basic, cheibrodos_ashenzari_chains,
          mainiacjoe_overflow_surrounded_room, uniq_crazy_yiuf_cottage,
          uniq_natasha
D:5:      lemuel_ratsnest, layout_loops_ring, general_overflow_altar,
          kennysheep_mini, serial_shops, shop, minmay_strange_pillars,
          uniq_blork_the_orc
D:6:      minmay_chambers_of_threes, layout_rooms, mainiacjoe_overflow_brackets,
          minmay_temple_entry_mini_moons, uniq_maggie, uniq_menkaure

Skill      XL: |  1  2  3  4  5  6  7  8 |
---------------+-------------------------+-----
Fighting       | 1 2 3 |  3.1
Spellcasting   | 4 5 6 |  6.0
Translocations | 2 4 5 |  5.3
Maces & Flails | 2 3 |  3.5
Dodging        | |  2.0
Stealth        | |  2.6
Conjurations   | |  4.9

Action                     |  1- 3 |  4- 6 |  7- 9 || total
---------------------------+-------+-------+-------++-------
  Melee: Dagger            |    14 |       |       ||    14
         Tentacles         |     5 |     3 |    22 ||    30
         Constrict         |     7 |     2 |    20 ||    29
         Unarmed           |     1 |       |       ||     1
         Short sword       |     3 |       |       ||     3
         Rapier            |       |    10 |     6 ||    16
         Flail             |       |       |    61 ||    61
   Cast: Magic Dart        |    26 |    69 |    29 ||   124
         Searing Ray       |       |     9 |    14 ||    23
         Iskenderun's Myst |       |       |     6 ||     6
    Use: Potion            |       |     2 |     3 ||     5
         Scroll            |       |     1 |     2 ||     3
   Stab: Sleeping          |     1 |     3 |     2 ||     6
 Armour: Skin              |     2 |    21 |    37 ||    60
  Dodge: Dodged            |    13 |    20 |    46 ||    79
  Block: Other             |     1 |     6 |    14 ||    21

Table legend: (Time is in decaauts)
 A = Elapsed time spent in this place.
 B = Non-inter-level travel time spent in this place.
 C = Inter-level travel time spent in this place.
 D = Time resting spent in this place.
 E = Time spent auto-exploring this place.
 F = Levels seen in this place.
 G = Mean time per level.
                   A        B        C        D        E       F      G
               +--------+--------+--------+--------+--------+-----+--------+
         Total |   5998 |   5747 |    251 |   1012 |   4099 |   6 |  999.7 |
       Dungeon |   5998 |   5747 |    251 |   1012 |   4099 |   6 |  999.7 |
               +--------+--------+--------+--------+--------+-----+--------+

Top non-repeatable levels by time:
     D:4: 1818 daAuts
     D:2: 1191 daAuts
     D:5: 1144 daAuts
     D:1: 1024 daAuts
     D:3: 801 daAuts
     D:6: 19 daAuts
